 Dungeon Crawl Stone Soup version 0.23-a0-32-g1388f29e54 (webtiles) character file.

63 Htamos the Caller (level 3, 0/26 HPs)
             Began as a Mummy Summoner on Aug 4, 2018.
             Slain by a gnoll
             ... wielding a +0 club
              (5 damage)
             ... on level 2 of the Dungeon.
             The game lasted 00:03:10 (1766 turns).

Htamos the Caller (Mummy Summoner)                  Turns: 1766, Time: 00:03:11

Health: 0/26       AC:  3    Str: 11    XL:     3   Next: 87%
Magic:  2/8        EV: 12    Int: 15    God:
Gold:   67         SH:  0    Dex: 12    Spells: 8/9 levels left

rFire    x . .     SeeInvis .   f - +0 whip (vamp)
rCold    + . .     Gourm    .   (no shield)
rNeg     + + +     Faith    .   a - +0 robe
rPois    ∞         Spirit   .   (no helmet)
rElec    .         Reflect  .   (no cloak)
rCorr    .         Harm     .   (no gloves)
MR       .....                  m - +0 pair of boots
Stlth    ++........             (no amulet)
HPRegen  0.08/turn              (no ring)
MPRegen  0.11/turn              (no ring)

@: no status effects
A: no food or potions, fire vulnerability, cold resistance 1, negative energy
resistance 3, torment resistance, unbreathing
a: no special abilities


You were on level 2 of the Dungeon.
You were not hungry.

You visited 1 branch of the dungeon, and saw 2 of its levels.

You collected 67 gold pieces.

Inventory:

Hand Weapons
 f - a +0 vampiric whip (weapon)
 i - a cursed -2 mace
Armour
 a - a +0 robe (worn)
 d - a +0 ring mail
 j - a +0 chain mail
 m - a +0 pair of boots (worn)
Scrolls
 b - a scroll of magic mapping {unknown}
 c - a scroll of immolation {unknown}
 e - 2 scrolls of amnesia {unknown}
 g - a scroll of identify {unknown}
 h - a scroll of remove curse {unknown}
 k - a scroll of noise {unknown}
 l - a scroll of fear {unknown}


   Skills:
 + Level 1.2 Fighting
 - Level 1.6 Dodging
 - Level 1.6 Stealth
 + Level 3.5 Spellcasting
 * Level 4.0 Summonings


You had 8 spell levels left.
You knew the following spells:

 Your Spells              Type           Power        Failure   Level  Hunger
a - Summon Small Mammal   Summ           ##..         3%          1    N/A

Your spell library contained the following spells:

 Spells                   Type           Power        Failure   Level  Hunger
 Summon Ice Beast         Ice/Summ       #.......     63%         4    N/A
 Call Imp                 Summ           ##......     5%          2    N/A
 Call Canine Familiar     Summ           ##......     11%         3    N/A
 Summon Lightning Spire   Summ/Air       #.......     63%         4    N/A
 Summon Guardian Golem    Hex/Summ       #.......     26%         3    N/A

Dungeon Overview and Level Annotations

Branches:
Dungeon (2/15)

Altars:
Makhleb
Trog


Innate Abilities, Weirdness & Mutations

You do not eat or drink.
Your flesh is vulnerable to fire.
You are immune to poison.
Your flesh is cold resistant. (rC+)
You are immune to negative energy. (rN+++)
You are immune to unholy pain and torment.
You can survive without breathing.


Message History

Your quokka's corpse disappears in a puff of smoke!
You swap places.
The gnoll hits your rat with a club.
Your rat dies!
Your rat's corpse disappears in a puff of smoke!
Your rat bites the gnoll but does no damage.
Your rat barely misses the gnoll.
The gnoll misses your rat.
Your rat barely misses the gnoll.
The gnoll hits your rat with a club.
Your rat bites the gnoll.
The gnoll dies!
Your rat misses the gnoll. The gnoll barely misses your rat.
Your rat closely misses the gnoll.
The gnoll hits your rat with a club.
Your rat barely misses the gnoll.
The gnoll hits your rat with a club.
Your rat dies!
Your rat's corpse disappears in a puff of smoke!
The gnoll hits you with a club!
* * * LOW HITPOINT WARNING * * *
You hit the gnoll.
The gnoll is lightly wounded.
The gnoll hits you with a club.
You die...

#.# #.##.# #.# #.##.#####
#.######.##.....#############
#>...............))....$.....
###########.###.##########.##
#.# #.# ###### #.# #)# .....#
#.# #g# ####.#######.###@#
#.#.....!.....#
####.#.#########.# .........#
#.# ######.#########.#####
.#...................#
...###..####.###.###.#
........# #.# #.# #.#
.......)# #†# #.# #.#


You could see a gnoll.

Vanquished Creatures
  2 adders (D:2)
  A giant cockroach (D:1)
  2 goblins (D:1)
  2 jackals (D:2)
  4 bats (D:1)
  2 frilled lizards
  A kobold (D:1)
  2 rats (D:1)
16 creatures vanquished.

Vanquished Creatures (collateral kills)
  Terence (D:2)
  3 gnolls (D:2)
  A goblin (D:1)
  A kobold (D:1)
6 creatures vanquished.

Grand Total: 22 creatures vanquished

Notes
Turn   | Place    | Note
-------+----------+-------------------------------------------
     0 | D:1      | Htamos the Mummy Summoner began the quest for the Orb.
     0 | D:1      | Reached XP level 1. HP: 13/13 MP: 4/4
   597 | D:1      | Reached XP level 2. HP: 12/19 MP: 6/6
  1333 | D:2      | Reached XP level 3. HP: 16/25 MP: 7/7
  1481 | D:2      | Noticed Terence
  1526 | D:2      | Killed Terence
  1526 | D:2      | Reached skill level 1 in Fighting
  1653 | D:2      | Found a burning altar of Makhleb.
  1654 | D:2      | Found a bloodstained altar of Trog.
  1737 | D:2      | Reached skill level 4 in Summonings
  1766 | D:2      | Slain by a gnoll

Vault maps used:
D:1:      saegor_arrival_under_anarchy, st_stairs_6
D:2:      gammafunk_temple_overflow_statue, uniq_terence

Skill      XL: |  1  2  3 |
---------------+----------+-----
Spellcasting   | 3 |  3.5
Fighting       | 1 |  1.2
Summonings     | 4 |  4.0
Dodging        | |  1.6
Stealth        | |  1.6

Action                   || total
-------------------------++-------
Melee: Unarmed           ||    91
       Whip              ||    31
 Cast: Summon Small Mamm ||    24
Armor: Robe              ||    38
Dodge: Dodged            ||   126

Table legend:
 A = Spawn XP
 B = Non-spawn XP
 C = Spawn XP percentage of total XP
 D = Spawn monster count
 E = Non-spawn monster count
 F = Spawn count percentage of total count
 G = Total turns spent on level
                    A         B        C        D         E        F      G
               +---------+---------+-------+---------+---------+-------+---------
         Total |       0 |      90 |   0.0 |       0 |      22 |   0.0 |  1766
               +---------+---------+-------+---------+---------+-------+---------
           D:1 |       0 |      17 |   0.0 |       0 |      13 |   0.0 |  1278
           D:2 |       0 |      73 |   0.0 |       0 |       9 |   0.0 |   488
               +---------+---------+-------+---------+---------+-------+---------
